 Dungeon Crawl Stone Soup version 0.23-a0-550-g7de1f8e (webtiles) character file.

1646 Amnesiac the Covert (level 8, -8/39 HPs)
             Began as a Spriggan Enchanter on Dec 9, 2018.
             Was an Initiate of Gozag.
             Mangled by an orc warrior
             ... wielding a +0 dire flail
              (11 damage)
             ... on level 6 of the Dungeon.
             The game lasted 00:22:39 (9040 turns).

Amnesiac the Covert (Spriggan Enchanter)            Turns: 9040, Time: 00:22:40

Health: -8/39      AC:  2    Str:  9    XL:     8   Next: 67%
Magic:  2/29       EV: 29    Int: 19    God:    Gozag
Gold:   607        SH:  0    Dex: 21    Spells: 2/22 levels left

rFire    . . .     SeeInvis +   n - +0 rapier (speed)
rCold    . . .     Gourm    .   (shield restricted)
rNeg     . . .     Faith    .   y - +0 robe
rPois    .         Spirit   .   (helmet restricted)
rElec    .         Reflect  .   (no cloak)
rCorr    .         Harm     .   (gloves unavailable)
MR       +....                  (boots unavailable)
Stlth    +++++.....             d - amulet of regeneration
HPRegen  0.53/turn              t - ring of magical power
MPRegen  0.21/turn              (no ring)

@: mighty, agile, gold aura, flying, very slightly contaminated, hasted, very
quick
A: very small, unfitting armour, see invisible, herbivore, speed 3, slow
metabolism 2
a: Potion Petition, Call Merchant, Bribe Branch, Renounce Religion


You were on level 6 of the Dungeon.
You worshipped Gozag.
Gozag was pleased with you.
You were full.

You visited 2 branches of the dungeon, and saw 7 of its levels.

You collected 710 gold pieces.
You paid 103 gold pieces to Gozag.

Inventory:

Hand Weapons
 a - a +2 dagger of venom
 b - a +1 dagger of draining
 n - a +0 rapier of speed (weapon)
Missiles
 w - 58 arrows
Armour
 y - a +0 robe (worn)
Jewellery
 d - an amulet of regeneration (around neck)
 e - a +4 amulet of reflection
 t - a ring of magical power (left hand)
Scrolls
 g - 2 scrolls of fear {!r}
 h - 2 scrolls of teleportation {!r, unknown}
 i - 3 scrolls of enchant weapon {!r, unknown}
 l - 6 scrolls of remove curse {!r, unknown}
 m - 3 scrolls of identify {!r}
 p - a scroll of blinking {!r, unknown}
 q - 2 scrolls of amnesia {!r, unknown}
 u - a scroll of immolation {!r, unknown}
Potions
 c - 3 potions of mutation {!q, unknown}
 f - 4 potions of haste {!q}
 k - 3 potions of curing {!q, unknown}
 o - 2 potions of agility {!q, unknown}
 r - 3 potions of might {!q}
 s - 2 potions of degeneration {!q, unknown}
 v - a potion of heal wounds {!q, unknown}
 x - a potion of magic {!q, unknown}
Comestibles
 j - 3 rations


   Skills:
 + Level 2.2 Fighting
 + Level 5.2 Short Blades
 + Level 7.4 Dodging
 - Level 8.2 Stealth
 - Level 7.5 Spellcasting
 + Level 5.4 Hexes


You had 2 spell levels left.
You knew the following spells:

 Your Spells              Type           Power        Failure   Level  Hunger
a - Ensorcelled Hibernat  Hex/Ice        ###...       4%          2    None
b - Corona                Hex            ####...      1%          1    None
c - Sticks to Snakes      Tmut           #.......     14%         2    None
d - Dazzling Spray        Conj/Hex       ###...       10%         3    #......
e - Confuse               Hex            ####....     3%          3    #......
q - Spectral Weapon       Hex/Chrm       ###.....     10%         3    #......
r - Regeneration          Chrm/Necr      #.........   28%         3    #......
w - Tukima's Dance        Hex            ####....     3%          3    #......

Your spell library contained the following spells:

 Spells                   Type           Power        Failure   Level  Hunger
 Beastly Appendage        Tmut           #.....       10%         1    None
 Infusion                 Chrm           #...         10%         1    None
 Shroud of Golubria       Chrm/Tloc      #.........   14%         2    None
 Song of Slaying          Chrm           #.......     14%         2    None
 Spider Form              Tmut/Pois      #.........   28%         3    #......
 Ice Form                 Ice/Tmut       #.......     67%         4    ###....
 Blade Hands              Tmut           #.........   95%         5    #####..


Dungeon Overview and Level Annotations

Branches:
Dungeon (6/15)             Temple (1/1) D:6

Altars:
Ashenzari
Cheibriados
Dithmenos
Elyvilon
Fedhas
Gozag
Hepliaklqana
Kikubaaqudgha
Makhleb
Nemelex Xobeh
Okawaru
Qazlal
Ru
Sif Muna
Trog
Uskayaw
Vehumet
Wu Jian
Xom
Yredelemnul
Zin
The Shining One


Innate Abilities, Weirdness & Mutations

You are very small and have problems with some larger weapons.
You are too small for most types of armour.
You have supernaturally acute eyesight. (SInv)
You are a herbivore.
You cover ground extremely quickly.
You need to consume almost no food.


Message History

Aim: an orc priest, wielding a +0 dagger, wearing a +0 leather armour and You miscast Dazzling Spray.
You are very lightly contaminated with residual magic.
You feel off-balance for a moment.
The orc throws a stone.
The stone closely misses you.
The stone hits the orc warrior but does no damage.
You hit the orc warrior but do no damage.
The orc warrior is lightly wounded.
The orc wizard closely misses you.
You hit the orc warrior but do no damage.
The orc warrior is lightly wounded.
The orc warrior misses you.
The orc priest barely misses the orc warrior.
The orc priest hits itself with a +0 dagger.
You hit the orc warrior but do no damage.
The orc warrior is lightly wounded.
The orc closely misses you. The orc wizard closely misses you.
You hit the orc warrior.
The orc warrior is lightly wounded.
The orc completely misses you.
You barely miss the orc warrior.
The orc warrior is lightly wounded.
You catch the helpless orc warrior completely off-guard!
You puncture the orc warrior!
The orc warrior is heavily wounded.
The orc warrior misses you. The orc misses you.
The orc wizard gestures wildly while chanting.
The orc wizard flickers and vanishes for a moment.
The orc becomes distracted by the nearby gold, dreaming of imaginary riches.
The orc shouts!
You hit the orc warrior but do no damage.
The orc warrior is heavily wounded.
The orc warrior seems less confused.
The orc is no longer distracted by gold.
The orc warrior misses you.
The orc priest barely misses the orc wizard.
Casting: Dazzling Spray (safe; 10% risk of failure)
Confirm with . or Enter, or press ? or * to list all spells.
Okay, then.
You aren't carrying any items that you can evoke.
Okay, then.
Really quaff
r - 4 potions of might {!q}?
You feel very mighty all of a sudden. The orc closely misses you.
The orc warrior barely misses you.
You barely miss the orc warrior.
The orc warrior is heavily wounded.
The orc hits you with a +0 flail.
* * * LOW HITPOINT WARNING * * *
The orc completely misses you.
You closely miss the orc warrior.
The orc warrior is heavily wounded.
The orc warrior hits you with a +0 dire flail!
* * * LOW HITPOINT WARNING * * *
[a] - 0 gold - haste, agility and flight [b] - 0 gold - resistance and agility [c] - 0 gold - resistance, invisibility and agility Purchase which effect?
You feel yourself speed up.
You feel agile all of a sudden.
You feel very buoyant.
You fly up into the air.
The orc wizard completely misses you. The orc misses you.
The orc closely misses you.
The orc warrior hits you with a +0 dire flail!
You die...
Your body crumbles into a pile of gold.

#####...o.##...#
##..Y......# #..g##....#
##....##...# ##
#...#.##...# ..
#.#.#.##...# .#
#.#.#<.....#
.###############o#<##.....#
............$..o@o.....####
........########o#.#...#
...####...o#.).o$..#.#.#
...# ####$o$.$....#.#.#
...# ###.........#.#
...####### #....(..###o#
...........#......####.##
..###### #..............#
...# ###......#######


You could see an orc warrior, an orc priest (confused), an orc wizard
(invisible) and 2 orcs.

Vanquished Creatures
  A troll (D:5)
  Eustachio (D:6)
  Edmund (D:5)
  An ice beast (D:6)
  A sky beast (D:5)
  A black bear (D:6)
  2 ogres
  A centaur zombie (D:5)
  A crimson imp (D:5)
  A hound (D:5)
  7 orc wizards
  A gnoll shaman (D:6)
  3 orc priests (D:4)
  A worker ant (D:5)
  An iguana (D:5)
  8 gnolls
  2 howler monkey skeletons (D:5)
  6 adders
  3 oozes
  2 worms
  2 dart slugs
  12 leopard geckos
  21 orcs
  7 giant cockroaches
  5 goblins
  8 hobgoblins
  2 jackals (D:4)
  6 kobolds
  3 quokkas
  7 bats
  11 frilled lizards
  A giant cockroach zombie (D:5)
  A quokka skeleton (D:4)
  12 rats
143 creatures vanquished.

Vanquished Creatures (others)
  A hound (D:6)
  An adder (D:6)
  A gnoll (D:6)
  A shadow imp (D:6)
  3 toadstools (D:1)
7 creatures vanquished.

Grand Total: 150 creatures vanquished

Notes
Turn   | Place    | Note
-------+----------+-------------------------------------------
     0 | D:1      | Amnesiac the Spriggan Enchanter began the quest for the
                  | Orb.
     0 | D:1      | Reached XP level 1. HP: 9/9 MP: 5/5
    51 | D:1      | Reached XP level 2. HP: 11/13 MP: 4/6
    57 | D:1      | Learned a level 2 spell: Ensorcelled Hibernation
   524 | D:2      | Reached XP level 3. HP: 16/16 MP: 3/8
   529 | D:2      | Learned a level 3 spell: Confuse
   568 | D:2      | Reached skill level 5 in Stealth
   706 | D:4      | Noticed an ogre
   717 | D:4      | Killed an ogre
   717 | D:4      | Reached XP level 4. HP: 21/21 MP: 4/9
  1444 | D:4      | Reached skill level 6 in Stealth
  1672 | D:4      | Reached XP level 5. HP: 20/24 MP: 3/10
  1920 | D:4      | Reached skill level 5 in Dodging
  2897 | D:3      | Reached XP level 6. HP: 28/28 MP: 9/11
  3254 | D:5      | Entered Level 5 of the Dungeon
  3320 | D:5      | Reached skill level 7 in Stealth
  3451 | D:5      | Found a burning altar of Makhleb.
  3499 | D:5      | Learned a level 3 spell: Tukima's Dance
  3742 | D:5      | Noticed Edmund
  3787 | D:5      | Killed Edmund
  3787 | D:5      | Reached skill level 8 in Stealth
  3787 | D:5      | Reached XP level 7. HP: 27/32 MP: 5/14
  3935 | D:5      | Noticed a troll
  3996 | D:5      | Reached skill level 5 in Spellcasting
  4017 | D:5      | Killed a troll
  4362 | D:6      | Noticed Eustachio
  4447 | D:6      | Killed Eustachio
  4447 | D:6      | Reached XP level 8. HP: 30/37 MP: 20/20
  4483 | D:6      | Reached skill level 1 in Fighting
  4579 | D:6      | Found a staircase to the Ecumenical Temple.
  4588 | Temple   | Entered the Ecumenical Temple
  4680 | Temple   | Became a worshipper of Gozag Ym Sagoz the Greedy
  4929 | D:1      | Learned a level 2 spell: Sticks to Snakes
  4933 | D:1      | Learned a level 3 spell: Spectral Weapon
  4937 | D:1      | Learned a level 3 spell: Dazzling Spray
  4941 | D:1      | Learned a level 3 spell: Regeneration
  7498 | D:4      | Reached skill level 5 in Hexes
  8165 | D:5      | Found a burning altar of Makhleb.
  8928 | D:6      | Reached skill level 5 in Short Blades
  9040 | D:6      | Mangled by an orc warrior

Vault maps used:
D:1:      lightli_arrival_boilingwater, chequers_serial_rivers_marsh,
          minmay_gold_behind_fungi
D:2:      minivault_19
D:3:      minmay_bubble_buster, first_ration
D:4:      grunt_decor_one_mirror
D:5:      makhleb_grotto_becter, uniq_edmund
D:6:      minmay_temple_entry_hall, minmay_crystal_water, lemuel_flamethrower_2,
          uniq_eustachio
Temple:   compressed_dpeg_circular_temple

Skill      XL: |  1  2  3  4  5  6  7  8 |
---------------+-------------------------+-----
Spellcasting   | 3 4 7 |  7.5
Hexes          | 4 5 |  5.4
Stealth        | 5 6 8 |  8.2
Short Blades   | 2 3 4 5 |  5.2
Dodging        | 4 5 6 7 |  7.4
Fighting       | 2 |  2.2

Action                   |  1- 3 |  4- 6 |  7- 9 || total
-------------------------+-------+-------+-------++-------
Melee: Dagger            |    35 |   140 |   327 ||   502
       Rapier            |       |       |    19 ||    19
 Cast: Corona            |     6 |       |       ||     6
       Ensorcelled Hiber |     7 |    19 |     8 ||    34
       Confuse           |       |    26 |    31 ||    57
Invok: Potion Petition   |       |       |     1 ||     1
  Use: Scroll            |     2 |       |       ||     2
       Potion            |       |       |     1 ||     1
 Stab: Sleeping          |     8 |    11 |    15 ||    34
       Confused          |       |     9 |     9 ||    18
       Distracted        |       |       |     4 ||     4
  Eat: Ration            |       |     4 |     4 ||     8
Armor: Robe              |     5 |     5 |     7 ||    17
Dodge: Dodged            |    34 |   115 |   283 ||   432
Block: Other             |     3 |     5 |       ||     8

Table legend:
 A = Non-vault XP
 B = Vault XP
 C = Vault XP percentage of total XP
 D = Non-vault monster count
 E = Vault monster count
 F = Vault count percentage of total count
                 A         B        C        D         E       F
            +---------+---------+-------+---------+---------+-------
      Total |    1914 |     438 |  18.6 |     125 |      18 |  12.6
            +---------+---------+-------+---------+---------+-------
        D:1 |      40 |       0 |   0.0 |      23 |       0 |   0.0
        D:2 |      49 |       0 |   0.0 |      11 |       0 |   0.0
        D:3 |     108 |      26 |  19.4 |      27 |      15 |  35.7
        D:4 |     430 |       0 |   0.0 |      26 |       0 |   0.0
        D:5 |     823 |     221 |  21.2 |      23 |       2 |   8.0
        D:6 |     464 |     191 |  29.2 |      15 |       1 |   6.2
            +---------+---------+-------+---------+---------+-------
